 Dungeon Crawl Stone Soup version 0.30-a0-840-ga523dec638 (webtiles) character file.

Game seed: 5273972870903277463

79 jimonade the Grave Robber (level 4, -2/30 HPs)
             Began as a Mummy Necromancer on Mar 1, 2023.
             Slain by Crazy Yiuf
             ... wielding a +2 quarterstaff of chaos
              (18 damage)
             ... on level 2 of the Dungeon.
             The game lasted 00:03:29 (1678 turns).

jimonade the Grave Robber (Mummy Necromancer)       Turns: 1678, Time: 00:03:30

Health: -2/30      AC:  2    Str: 13    XL:     4   Next: 16%
Magic:  4/9        EV: 12    Int: 14    God:
Gold:   55         SH:  0    Dex: 12    Spells: 6/10 levels left

rFire   x . .      SeeInvis .    a - +0 whip
rCold   + . .      Faith    +    (no shield)
rNeg    + + +      Spirit   .    b - +0 robe
rPois   ∞          Reflect  .    g - +0 hat
rElec   .          Harm     .    (no cloak)
rCorr   .          Rampage  .    (no gloves)
Will    .....                    (no boots)
Stlth   ++                       (no amulet)
HPRegen 0.25/turn                (no ring)
MPRegen 0.11/turn                (no ring)

@: no status effects
A: cold resistance 1, negative energy resistance 3, torment resistance 2, heat
vulnerability 1, in touch with death 1, no potions, faith
a: no special abilities


You were on level 2 of the Dungeon.
You visited 1 branch of the dungeon, and saw 2 of its levels.

You collected 55 gold pieces.

Inventory:

Hand Weapons
 a - a +0 whip (weapon)
 c - a +0 short sword
Missiles
 e - 3 poisoned darts
Armour
 b - a +0 robe (worn)
 g - a +0 hat (worn)
 i - a +0 ring mail
Scrolls
 d - a scroll of fear {unknown}
 f - a scroll of magic mapping {unknown}
 h - a scroll of identify {unknown}
 j - a scroll of silence {unknown}


   Skills:
 + Level 0.2 Fighting
 + Level 0.5 Maces & Flails
 + Level 1.9 Dodging
 - Level 1.5 Stealth
 + Level 3.8 Spellcasting
 * Level 4.8 Necromancy


You had 6 spell levels left.
You knew the following spells:

 Your Spells              Type           Power      Damage    Failure   Level
a - Necrotise             Necr           96%        1d8       2%          1
b - Vampiric Draining     Necr           24%        2d7       8%          3

Your spell library contained the following spells:

 Spells                   Type           Power      Damage    Failure   Level
 Animate Dead             Necr           24%        N/A       26%         4
 Call Canine Familiar     Summ           2%         N/A       52%         3
 Ozocubu's Armour         Ice            2%         N/A       52%         3
 Agony                    Necr           24%        N/A       58%         5
 Flame Wave               Conj/Fire      2%         2d4       89%         4
 Metabolic Englaciation   Hex/Ice        1%         N/A       99%         5
 Simulacrum               Ice/Necr       7%         N/A       100%        6
 Dragon's Call            Summ           1%         N/A       100%        9


Dungeon Overview and Level Annotations

Branches:
Dungeon (2/15)

Altars:
Nemelex Xobeh

Annotations:
D:2 Crazy Yiuf


Innate Abilities, Weirdness & Mutations

You are immune to poison.
Your flesh is cold resistant. (rC+)
You are immune to negative energy. (rN+++)
You are immune to unholy pain and torment.
You are vulnerable to heat. (rF-)
You are in touch with the powers of death.
You do not drink.
You have a special connection with the divine. (Faith)


Message History

The giant cockroach is moderately wounded.
The giant cockroach bites you but does no damage.
You hit the giant cockroach.
The giant cockroach is almost dead.
The giant cockroach closely misses you. x2
You completely miss the giant cockroach.
The giant cockroach is almost dead.
The giant cockroach bites you but does no damage.
You hit the giant cockroach but do no damage.
The giant cockroach is almost dead.
The giant cockroach barely misses you.
You hit the giant cockroach.
You kill the giant cockroach!
No target in view!
Found an escape hatch in the floor.
Found a stone staircase leading down.
Found a hammer.
Found a runed translucent door.
Crazy Yiuf shouts!
A rat comes into view.
A rat is nearby!
Found a club.
You hit the rat but do no damage. The rat barely misses you. The rat bites you.
You hit the rat.
You kill the rat!
No target in view!
No target in view!
As you open the door, it creaks loudly!
You open the door.
You feel a surge of power!
Crazy Yiuf writhes in agony.
You feel a surge of power!
Crazy Yiuf writhes in agony.
You feel a surge of power!
Crazy Yiuf writhes in agony.
You feel a surge of power!
Crazy Yiuf barely resists.
Crazy Yiuf hits you with a +2 quarterstaff of chaos.
Crazy Yiuf freezes you.
You feel a surge of power!
Crazy Yiuf writhes in agony.
Crazy Yiuf laughs, "Cod!
Leather broken hand."
Crazy Yiuf hits you with a +2 quarterstaff of chaos!
You are electrocuted!!
Ouch! That really hurt!
You die...

.+....+..............)...........
##....#.###############.....####.
##.........# ##.....# #.
<##.(......# ##### #......# #.
.##........# #..)# #.####+#####
'##+##.....# #...# #...........
......####.# ... #...........
......##...# #g# ##..........
......##...# ##@# #..........
......##...# #.## ###.........
......##...# ##.# #...........
......##...# #.## #...........
......##...# ##.## #....#......
##.........# #...## #....#......
##.........# #....# #...##......
##.........# ##..## #...##......
.......>...# #....####...######..


You could see Crazy Yiuf.

Vanquished Creatures
  2 adders (D:2)
  A worm (D:2)
  6 endoplasms
  9 giant cockroaches
  3 goblins
  5 hobgoblins (D:1)
  3 jackals (D:2)
  A quokka (D:1)
  3 ball pythons
  6 bats
  2 frilled lizards (D:2)
  6 kobolds
  2 rats (D:2)
49 creatures vanquished.

Vanquished Creatures (collateral kills)
  A jackal (D:2)
  A rat (D:2)
2 creatures vanquished.

Grand Total: 51 creatures vanquished

Notes
Turn   | Place    | Note
-------+----------+-------------------------------------------
     0 | D:1      | jimonade the Mummy Necromancer began the quest for the Orb.
     0 | D:1      | Reached XP level 1. HP: 13/13 MP: 4/4
   205 | D:1      | Reached XP level 2. HP: 19/19 MP: 3/5
   732 | D:1      | Gained mutation: You are in touch with the powers of death.
                  | [Mummy growth]
   732 | D:1      | Reached XP level 3. HP: 24/24 MP: 3/7
   983 | D:2      | Learned a level 3 spell: Vampiric Draining
  1097 | D:2      | Got Asmodeus's Directory of Reason
  1352 | D:2      | Reached XP level 4. HP: 29/30 MP: 9/9
  1405 | D:2      | Found a sparkling altar of Nemelex Xobeh.
  1521 | D:2      | Found a runed translucent door.
  1522 | D:2      | Noticed Crazy Yiuf
  1678 | D:2      | Slain by Crazy Yiuf

Illustrated notes

Levels and vault maps discovered:
D:1:      amcnicky_arrival_double_pillar, layout_rooms, serial_curves,
          eino_curves_04, eino_curves_04
D:2:      layout_basic, basic_altar, minmay_worlds_worst_comb,
          uniq_crazy_yiuf_cottage

Skill      XL: |  1  2 |
---------------+-------+-----
Spellcasting   | 3 |  3.8
Fighting       | |  0.2
Maces & Flails | |  0.5
Dodging        | |  1.9
Stealth        | |  1.5
Necromancy     | |  4.8

Action                     |  1- 3 |  4- 6 || total
---------------------------+-------+-------++-------
  Melee: Whip              |    60 |    25 ||    85
   Cast: Necrotise         |    50 |     5 ||    55
   Stab: Sleeping          |     1 |     4 ||     5
 Armour: Robe              |    18 |     9 ||    27
  Dodge: Dodged            |    43 |    23 ||    66

Table legend: (Time is in decaauts)
 A = Elapsed time spent in this place.
 B = Non-inter-level travel time spent in this place.
 C = Inter-level travel time spent in this place.
 D = Time resting spent in this place.
 E = Time spent auto-exploring this place.
 F = Levels seen in this place.
 G = Mean time per level.
                   A        B        C        D        E       F      G
               +--------+--------+--------+--------+--------+-----+--------+
         Total |   1684 |   1672 |     12 |     59 |   1192 |   2 |  842.0 |
       Dungeon |   1684 |   1672 |     12 |     59 |   1192 |   2 |  842.0 |
               +--------+--------+--------+--------+--------+-----+--------+

Top non-repeatable levels by time:
     D:1: 846 daAuts
     D:2: 838 daAuts
